[Event "FIDE WWCC 2020"]
[Site "Shanghai"]
[Date "2020.01.12"]
[Round "6.1"]
[White "Ju, Wenjun"]
[Black "Goryachkina, Aleksandra"]
[Result "1/2-1/2"]
[ECO "C67"]
[WhiteElo "2584"]
[BlackElo "2578"]
[Annotator "ChessBase"]
[PlyCount "210"]
[EventDate "2020.01.05"]
[EventType "match"]
[EventCountry "CHN"]
[SourceTitle "playchess.com"]
[Source "ChessBase"]
[SourceQuality "1"]
[TimeControl "40/5400+30:1800+30"]

1. e4 e5 2. Nf3 Nc6 3. Bb5 Nf6 4. O-O Nxe4 5. Re1 Nd6 6. Nxe5 Be7 7. Bf1 Nxe5 8. Rxe5 O-O 9. d4 Bf6 10. Re1 Re8 11. c3 Rxe1 12. Qxe1 Nf5 13. a4 d5 14. a5 Be7 15. Nd2 Bd6 16. Nf3 Ne7 17. b3 Bf5 18. c4 c6 19. Bb2 a6 20. Ne5 Qf8 21. Qc3 Rd8 22. Nd3 Ng6 23. g3 Be4 24. Bg2 Bxg2 25. Kxg2 Ne7 26. c5 Bc7 27. Qb4 Rb8 28. Re1 Qd8 29. Bc3 Ng6 30. Qa3 h5 31. f4 Qf6 32. Qb2 Nh4+ 33. Kh1 Nf5 34. Qe2 Qg6 35. b4 Rd8 36. Qf3 f6 37. Qe2 Kh7 38. Nf2 Rd7 39. Qd3 Re7 40. Rxe7 Nxe7 41. Qxg6+ Kxg6 42. Kg2 h4 43. Kf3 hxg3 44. hxg3 f5 45. Nd1 Kf6 46. Ne3 Ng6 47. Be1 Nf8 48. Nd1 Ne6 49. Bf2 g5 50. Be3 Kg6 51. Nc3 Bd8 52. Ne2 Kh5 53. Bf2 Bf6 54. Be3 gxf4 55. gxf4 Bh4 56. Ng3+ Bxg3 57. Kxg3 Ng7 58. Bc1 Ne8 59. Bd2 Nf6 60. Be1 Ne4+ 61. Kh3 Kg6 62. Kg2 Kh6 63. Kh2 Nf6 64. Kh3 Ne8 65. Kg3 Kh5 66. Kh3 Nc7 67. Bc3 Ne6 68. Kg3 Kg6 69. Kf3 Ng7 70. Be1 Kh6 71. Kg3 Nh5+ 72. Kh2 Nf6 73. Bd2 Ng4+ 74. Kh3 Kg6 75. Kg2 Nf6 76. Kh2 Nh5 77. Kh3 Kh6 78. Kh2 Ng7 79. Kg2 Ne8 80. Kh3 Kg6 81. Kg2 Nc7 82. Bc3 Ne6 83. Kg3 Ng7 84. Kg2 Nh5 85. Bd2 Kh6 86. Kh2 Nf6 87. Kg2 Ng4 88. Kf3 Kg6 89. Kg2 Nh6 90. Kh2 Kh5 91. Kh3 Nf7 92. Kg3 Nd8 93. Be1 Ne6 94. Bc3 Nf8 95. Kh3 Kg6 96. Bd2 Kh6 97. Kg2 Ne6 98. Be3 Kh5 99. Kg3 Nc7 100. Bc1 Ne8 101. Bd2 Nf6 102. Kh3 Kh6 103. Kh2 Ng4+ 104. Kg2 Kg6 105. Kh3 Nf6 1/2-1/2